 Dungeon Crawl Stone Soup version 0.22-a0-189-g981819d (webtiles) character file.

455 operationiv the Cudgeler (level 7, -4/61 HPs)
             Began as a Gargoyle Berserker on Feb 15, 2018.
             Was a Priest of Trog.
             Slain by an iguana (6 damage)
             ... on level 4 of the Dungeon.
             The game lasted 00:03:54 (3391 turns).

operationiv the Cudgeler (Gargoyle Berserker)       Turns: 3391, Time: 00:03:54

Health: -4/61      AC:  8    Str: 26    XL:     7   Next: 5%
Magic:  7/7        EV: 12    Int:  8    God:    Trog [***...]
Gold:   132        SH:  0    Dex: 10    Spells: 6/6 levels left

rFire    . . .     SeeInvis .   g - +0 whip
rCold    . . .     Gourm    .   (no shield)
rNeg     + . .     Faith    .   b - +0 animal skin
rPois    ∞         Spirit   .   (no helmet)
rElec    +         Reflect  .   (no cloak)
rCorr    .         Harm     .   (no gloves)
MR       .....                  m - +0 pair of boots {Stlth+}
Stlth    ..........             (no amulet)
HPRegen  0.20/turn              (no ring)
MPRegen  0.10/turn              (no ring)

@: berserking, very quick
A: negative energy resistance 1, electricity resistance, unbreathing,
petrification resistance, rot immunity, AC +4
a: Berserk, Trog's Hand, Burn Spellbooks, Renounce Religion


You were on level 4 of the Dungeon.
You worshipped Trog.
Trog was most pleased with you.
You were not hungry.

You visited 1 branch of the dungeon, and saw 4 of its levels.

You collected 132 gold pieces.

Inventory:

Hand Weapons
 a - a +0 mace
 g - a +0 whip (weapon)
Armour
 b - a +0 animal skin (worn)
 m - a +0 pair of boots of stealth (worn)
Scrolls
 d - 3 scrolls of teleportation {unknown}
 e - a scroll of immolation {unknown}
 h - 2 scrolls of magic mapping {unknown}
 i - 2 scrolls of noise {unknown}
 k - 2 scrolls of identify {unknown}
 l - a scroll of fear {unknown}
 p - a scroll of enchant weapon {unknown}
 q - a scroll of random uselessness {unknown}
 r - a scroll of enchant armour {unknown}
 t - 3 scrolls of remove curse {unknown}
Potions
 f - 2 potions of flight {unknown}
 n - a potion of brilliance {unknown}
 o - 2 potions of curing {unknown}
 s - a potion of haste {unknown}
Comestibles
 c - 3 rations


   Skills:
 - Level 3.2 Fighting
 * Level 7.7 Maces & Flails
 - Level 2.1 Armour
 - Level 1.5 Dodging
 - Level 0.1 Stealth


You had 6 spell levels left.
You didn't know any spells.

Dungeon Overview and Level Annotations

Branches:
Dungeon (4/15)
 Temple: D:4-7

Altars:
Dithmenos
Trog
Xom

Annotations:
D:3 1 runed door


Innate Abilities, Weirdness & Mutations

You are resistant to torment.
Your stone body is resilient. (AC +4)
You are immune to poison.
You resist negative energy. (rN+)
You are resistant to electric shocks. (rElec)
You can survive without breathing.
You are immune to petrification.
You are immune to rotting.


Message History

The ogre hits you with a giant spiked club!!
Ouch! That really hurt!
* * * LOW HITPOINT WARNING * * *
The iguana misses you.
A red film seems to cover your vision as you go berserk!
You feel yourself moving faster!
You feel mighty!
You feel a lot more hungry. The iguana misses you. The ogre barely misses you.
You barely miss the ogre.
The ogre is heavily wounded.
You whack the ogre!
The ogre is almost dead.
The iguana bites you but does no damage.
You whack the ogre!
You kill the ogre!
Trog accepts your kill.
You have reached level 7!
You hit the iguana.
The iguana is lightly wounded.
The iguana bites you.
You die...

### ... .. .#######
##......##
##........## ..#
#..........#
#....###....@)....#
#(.[<.....l$...#
#####..........#
#.$....?...#
...............##
#######........#
..........#
#..........#
#<.......(.#


You could see an iguana.

Vanquished Creatures
  Grinder (D:3)
  An ogre (D:4)
  4 gnolls (D:3)
  A worker ant zombie (D:3)
  2 adders (D:2)
  2 oozes (D:2)
  A worm (D:2)
  A dart slug (D:3)
  5 leopard geckos
  6 bats
  2 giant cockroaches
  12 hobgoblins
  7 jackals (D:1)
  A quokka (D:2)
  4 ball pythons
  2 frilled lizards (D:2)
  8 goblins
  7 kobolds
  9 rats
76 creatures vanquished.

Notes
Turn   | Place    | Note
-------+----------+-------------------------------------------
     0 | D:1      | operationiv the Gargoyle Berserker began the quest for the Orb.
     0 | D:1      | Reached XP level 1. HP: 14/14 MP: 1/1
   111 | D:1      | Reached XP level 2. HP: 16/19 MP: 2/2
   701 | D:1      | Reached skill level 4 in Maces & Flails
  1061 | D:1      | Reached XP level 3. HP: 20/23 MP: 3/3
  1180 | D:1      | Reached ** piety under Trog
  1702 | D:2      | Reached XP level 4. HP: 28/28 MP: 4/4
  1940 | D:2      | Found a shimmering altar of Xom.
  1959 | D:2      | Reached skill level 5 in Maces & Flails
  2762 | D:3      | Reached XP level 5. HP: 30/32 MP: 5/5
  3084 | D:3      | Noticed Grinder
  3093 | D:3      | Paralysed by Grinder for 7 turns
  3106 | D:3      | Killed Grinder
  3106 | D:3      | Reached skill level 7 in Maces & Flails
  3106 | D:3      | Reached XP level 6. HP: 26/37 MP: 6/6
  3110 | D:3      | Reached *** piety under Trog
  3137 | D:3      | Found a shadowy altar of Dithmenos.
  3149 | D:3      | Found a bloodstained altar of Trog.
  3223 | D:3      | Found a runed door.
  3386 | D:4      | HP: 1/37 [ogre/giant spiked club (21)]
  3390 | D:4      | Reached XP level 7. HP: 2/41 MP: 7/7
  3391 | D:4      | Slain by an iguana

Vault maps used:
D:1:      co_arrival_square_in_a_square_in_a_square
D:2:      nicolae_overflow_crystal_walls
D:3:      amethyst_overflow_temple_binary, uniq_grinder, uniq_crazy_yiuf_cottage

Skill      XL: |  1  2  3  4  5 |
---------------+----------------+-----
Maces & Flails | 4 5 7 |  7.7
Fighting       | |  3.2
Armour         | |  2.1
Dodging        | |  1.5
Stealth        | |  0.1

Action                   |  1- 3 |  4- 6 |  7- 9 || total
-------------------------+-------+-------+-------++-------
Melee: Mace              |    56 |       |       ||    56
       Whip              |    66 |   181 |     1 ||   248
Invok: Berserk           |     2 |     3 |       ||     5
 Stab: Sleeping          |     1 |     3 |       ||     4
  Eat: Chunk             |     3 |     7 |       ||    10
       Ration            |       |     1 |       ||     1
Armor: Animal skin       |    53 |    88 |       ||   141
Dodge: Dodged            |   120 |   104 |       ||   224

Table legend:
 A = Spawn XP
 B = Non-spawn XP
 C = Spawn XP percentage of total XP
 D = Spawn monster count
 E = Non-spawn monster count
 F = Spawn count percentage of total count
 G = Total turns spent on level
                    A         B        C        D         E        F      G
               +---------+---------+-------+---------+---------+-------+---------
         Total |       0 |     650 |   0.0 |       0 |      76 |   0.0 |  3391
               +---------+---------+-------+---------+---------+-------+---------
           D:1 |       0 |      46 |   0.0 |       0 |      27 |   0.0 |  1292
           D:2 |       0 |      80 |   0.0 |       0 |      24 |   0.0 |  1133
           D:3 |       0 |     402 |   0.0 |       0 |      24 |   0.0 |   947
           D:4 |       0 |     122 |   0.0 |       0 |       1 |   0.0 |    19
               +---------+---------+-------+---------+---------+-------+---------
